AoeStats
← HAKUNA MATATA

Black Forest

507138295Analyzed
4v4 RM · 16d ago on Sep 16, 2026· 57m 0s· 8 players
Game mode
Random Map
Map size
Large (8 player)
Population
200
Speed
Normal
Resources
Standard
Victory
Conquest
Starting age
Dark Age
Ending age
Imperial Age
RankedLock teamsTeams togetherTeam positionsShared explorationLock speedFull tech treeHidden civsTurbo modeCheats
Victory
Defeat
🇨🇴 Turks · Colombia
1562
+13
🇭🇰 Georgians · Hong Kong SAR China
1550
+14
🇦🇷 Inca · Argentina
1537
+14
🇹🇷 Romans · Türkiye
1408
+19
🇫🇷 Sicilians · France
1560
-18
🇺🇸 Aztecs · United States
1501
-15
🇳🇱 Ethiopians · Netherlands
1472
-14
🇩🇪 Magyars · Germany
1442
-13
Mr. Monty
0:49 Loom
13:46 Feudal Age
17:37 Castle Age
16:09 Double-Bit Axe
18:48 Horse Collar
19:25 Bow Saw
19:12 Horse Collar
25:41 Wheelbarrow
25:14 Heavy Plow
26:05 Town Watch
26:44 Stone Mining
26:56 Gold Mining
27:30 Redemption
31:25 Imperial Age
29:21 Scale Mail Armor
29:12 Fletching
29:49 Ballistics
30:13 Squires
29:34 Eagle Warrior
30:00 Arson
30:38 Pikeman
31:35 Chain Mail Armor
31:15 Bodkin Arrow
33:14 Chemistry
32:36 Hand Cart
32:57 Crop Rotation
32:53 Conscription
34:25 Plate Mail Armor
34:15 Elite Eagle Warrior
36:58 Caravan
38:44 Bracer
39:15 Garland Wars
39:33 Elite Jaguar Warrior
42:49 Forging
43:54 Treadmill Crane
44:10 Murder Holes
44:24 Siege Engineers
50:19 Gold Shaft Mining
51:07 Iron Casting
51:21 Fortified Wall
54:53 Elite Skirmisher
56:35 Blast Furnace
55:36 Padded Archer Armor
B.
10:58 Feudal Age
12:46 Double-Bit Axe
16:15 Castle Age
14:20 Horse Collar
17:37 Bow Saw
17:35 Heavy Plow
22:09 Wheelbarrow
23:51 Hand Cart
28:22 Imperial Age
26:03 Stone Mining
26:08 Gold Mining
28:04 Scale Barding Armor
28:09 Forging
28:41 Gold Shaft Mining
28:48 Stone Shaft Mining
29:27 Conscription
28:44 Onager
30:17 Iron Casting
30:02 Chain Barding Armor
29:04 Cavalier
29:44 Husbandry
30:26 Bloodlines
30:17 Husbandry
30:32 Loom
30:32 Town Watch
31:20 Crop Rotation
31:30 Caravan
31:52 Hauberk
32:33 Plate Barding Armor
34:41 Blast Furnace
52:48 Siege Onager
54:09 Siege Engineers
55:05 Chemistry
Espresso
0:31 Loom
10:39 Feudal Age
11:02 Man-at-Arms
11:46 Double-Bit Axe
18:53 Wheelbarrow
21:11 Castle Age
18:56 Horse Collar
21:15 Town Watch
23:53 Stone Mining
30:51 Imperial Age
29:10 Bow Saw
29:30 Scale Barding Armor
31:12 Corvinian Army
33:08 Bloodlines
33:57 Chain Barding Armor
37:07 Conscription
37:26 Plate Barding Armor
38:09 Fletching
45:36 Caravan
46:24 Hand Cart
45:31 Heavy Cavalry Archer
46:08 Bodkin Arrow
47:14 Chemistry
46:35 Ballistics
47:07 Parthian Tactics
46:43 Padded Archer Armor
50:40 Heavy Plow
50:29 Elite Skirmisher
51:51 Thumb Ring
51:53 Bracer
53:05 Leather Archer Armor
54:31 Ring Archer Armor
BuildDisorder [2]
1:26 Loom
12:23 Feudal Age
13:23 Double-Bit Axe
16:09 Castle Age
14:04 Horse Collar
17:09 Bow Saw
20:01 Wheelbarrow
23:02 Heavy Plow
23:36 Hand Cart
23:18 Stone Mining
25:07 Gold Mining
28:37 Imperial Age
26:13 Padded Archer Armor
26:03 Fletching
26:22 Scale Mail Armor
26:33 Forging
27:20 Gold Shaft Mining
27:24 Chain Mail Armor
27:25 Squires
27:11 Arson
28:20 Ballistics
29:53 Iron Casting
30:46 Chemistry
29:53 Siege Engineers
29:23 Halberdier
31:09 Plate Mail Armor
31:35 Conscription
33:01 Blast Furnace
32:33 Torsion Engines
33:25 Town Watch
36:26 Caravan
38:16 Two-Man Saw
42:38 Fletching
42:49 Padded Archer Armor
43:22 Crossbowman
44:07 Thumb Ring
44:55 Arbalester
46:13 Bodkin Arrow
49:10 Bracer
49:26 Leather Archer Armor
LagiPup
0:34 Loom
14:33 Feudal Age
18:10 Castle Age
17:03 Horse Collar
19:11 Double-Bit Axe
26:12 Wheelbarrow
27:54 Town Watch
28:29 Bow Saw
32:25 Imperial Age
30:05 Gold Mining
31:13 Hand Cart
31:42 Stone Mining
31:53 Heavy Plow
32:51 Padded Archer Armor
32:41 Fletching
34:16 Chemistry
33:54 Leather Archer Armor
34:01 Conscription
37:30 Ballistics
38:01 Bodkin Arrow
39:23 Bracer
43:50 Bloodlines
43:40 Husbandry
44:05 Light Cavalry
44:51 Scale Barding Armor
44:57 Forging
48:18 Masonry
56:36 Hussar
CTMlLOMBANA
4:41 Loom
6:51 Loom
11:42 Feudal Age
13:23 Wheelbarrow
16:08 Castle Age
14:20 Double-Bit Axe
15:30 Horse Collar
16:53 Bloodlines
16:54 Bloodlines
17:49 Forging
22:45 Bow Saw
23:54 Heavy Plow
25:18 Hand Cart
29:24 Imperial Age
26:57 Gold Mining
27:27 Stone Mining
27:52 Fletching
28:04 Padded Archer Armor
28:08 Husbandry
28:33 Town Watch
30:31 Scale Barding Armor
31:01 Iron Casting
30:23 Bodkin Arrow
30:44 Leather Archer Armor
31:02 Town Patrol
31:39 Gold Shaft Mining
32:09 Two-Man Saw
35:14 Artillery
35:48 Conscription
38:41 Chain Barding Armor
39:22 Blast Furnace
38:52 Ring Archer Armor
41:22 Heavy Camel Rider
43:25 Plate Barding Armor
50:10 Bodkin Arrow
52:36 Ballistics
51:57 Treadmill Crane
52:15 Murder Holes
52:32 Fortified Wall
52:34 Masonry
56:06 Cavalier
[BRANCA] Tomass.97
9:01 Loom
12:26 Feudal Age
16:18 Double-Bit Axe
20:25 Castle Age
18:34 Fletching
18:30 Horse Collar
20:07 Gold Mining
26:16 Bow Saw
27:40 Wheelbarrow
27:26 Town Watch
32:53 Imperial Age
30:59 Scale Mail Armor
31:14 Squires
31:23 Pikeman
33:31 Forging
34:02 Conscription
34:01 Town Watch
34:56 Chain Mail Armor
35:30 Halberdier
37:01 Iron Casting
37:05 Arson
40:35 Plate Mail Armor
44:56 Blast Furnace
47:02 Elite Kamayuk
49:51 Hand Cart
49:38 Heavy Plow
50:15 Gold Shaft Mining
49:55 Town Patrol
55:50 Fabric Shields
56:46 Champi Runner
HAKUNA MATATA
10:39 Loom
12:43 Feudal Age
16:34 Castle Age
14:28 Double-Bit Axe
15:28 Horse Collar
18:02 Bow Saw
26:08 Heavy Plow
29:11 Wheelbarrow
28:22 Town Watch
29:40 Caravan
32:50 Imperial Age
29:52 Pikeman
30:33 Squires
30:44 Fletching
30:55 Padded Archer Armor
30:56 Scale Mail Armor
31:06 Forging
31:33 Stone Mining
31:34 Gold Mining
32:08 Ballistics
32:30 Chain Mail Armor
33:33 Iron Casting
32:57 Man-at-Arms
32:58 Halberdier
33:19 Heavy Scorpion
35:02 Chemistry
37:01 Blast Furnace
40:12 Fortified Wall
40:43 Fletching
48:46 Capped Ram
49:59 Siege Ram
55:24 Gold Shaft Mining
Connection lost

Rejoining the realm…

Still unreachable

The connection could not be restored.

Session expired

The server has moved on; the page needs a fresh start.